 Dungeon Sprint DCSS version 0.31-a0-37-g98a128e1d9 (webtiles) character file.

Game seed: 3890890870787974392

1 sircluck the Ruffian (level 1, 0/22 HPs)
             Began as a Troll Berserker on May 15, 2023.
             Was a Follower of Trog.
             Slain by an ufetubus (2 damage)
             ... summoned by a ynoxinul
             ... in the Dungeon (Sprint VII: "The Pits").
             The game lasted 00:00:23 (64 turns).

sircluck the Ruffian (Troll Berserker)                Turns: 64, Time: 00:00:25

Health: 0/22       AC:  4    Str: 24    XL:     1   Next: 16%
Magic:  0/0        EV: 10    Int:  3    God:    Trog [*.....]
Gold:   0          SH:  0    Dex:  9    Spells: 0/0 levels left

rFire   . .          .
                       - Unarmed
rCold   . . .        (no shield)
rNeg    . . .        a - +0 animal skin
rPois   .            (helmet restricted)
rElec   .            (no cloak)
rCorr   .            (gloves unavailable)
SInv    .            (boots unavailable)
Will    .....        (no amulet)
Stlth   +            (no ring)
HPRegen 1.03/turn    (no ring)
MPRegen 0.07/turn

%: no teleportation
@: no status effects
A: large, unfitting armour, claws 3, regeneration 1, shaggy fur 1, tough skin 1
a: Renounce Religion, Berserk


You were in the Dungeon.
You worshipped Trog.
Trog was aware of your devotion.
You visited 1 branch

Inventory:

Armour
 a - a +0 animal skin (worn)
Scrolls
 g - a scroll of blinking
Potions
 b - a potion of curing
 c - a potion of heal wounds
 d - a potion of haste
 e - 2 potions of magic
 f - a potion of berserk rage


   Skills:
 + Level 2.6 Fighting
 + Level 2.6 Dodging
 + Level 3.2 Unarmed Combat


You couldn't memorise any spells.
You didn't know any spells.
Your spell library was empty.

Dungeon Overview and Level Annotations

Branches:
Dungeon (1/1)

Altars:


Innate Abilities, Weirdness & Mutations

You are too large for most types of armour.
You have claws for hands.
Your natural rate of healing is unusually fast.
You are covered in fur. (AC +1)
You have tough skin. (AC +1)


Message History

You barely miss the ynoxinul.
The ynoxinul is lightly wounded.
The ufetubus barely misses you. The ufetubus hits you.
The ufetubus closely misses you. The ufetubus barely misses you.
The ynoxinul barely misses you.
You claw the ynoxinul!
The ynoxinul is heavily wounded.
The ufetubus hits you. The ufetubus closely misses you.
The ufetubus barely misses you. The ufetubus closely misses you.
The ufetubus barely misses you.
The ufetubus hits you but does no damage.
The ynoxinul barely misses you. The ufetubus barely misses you.
The ufetubus misses you.
The ufetubus hits you but does no damage. x2
The ufetubus barely misses you. x2
You scratch the ynoxinul.
The ynoxinul is heavily wounded.
The ufetubus barely misses you.
The ufetubus hits you but does no damage.
The ufetubus closely misses you. The ufetubus barely misses you.
The ufetubus hits you. The ufetubus barely misses you.
The ynoxinul gestures.
You scratch the ynoxinul.
The ynoxinul is severely wounded.
The ufetubus closely misses you. The ufetubus barely misses you.
The ufetubus hits you. x2; The ufetubus barely misses you.
The ufetubus hits you.
* * * LOW HITPOINT WARNING * * *
The ufetubus barely misses you.
The ufetubus hits you but does no damage.
The ynoxinul hits you but does no damage.
The ufetubus barely misses you.
The ufetubus hits you but does no damage.
You completely miss the ynoxinul.
The ynoxinul is severely wounded.
The ufetubus barely misses you. x2; The ufetubus hits you.
* * * LOW HITPOINT WARNING * * *
The ufetubus misses you. The ufetubus barely misses you.
The ufetubus closely misses you. x2; The ufetubus hits you.
You die...

##########++######
#................#
#......#..#......#
#................+
+................+
#......#..#......#
#...5............#
####3#####''######
#...5@5.##''#
#...55..##..#
#.......##5.#
#...<...##..#
#.......##3.#
#.......##.5#
#.......##...
##########...
#...#


You could see a ynoxinul and 5 ufetubi.

Vanquished Creatures
  A bat (D)
1 creature vanquished.

Notes
Turn   | Place    | Note
-------+----------+-------------------------------------------
     0 | D        | sircluck the Troll Berserker began the quest for the Orb.
     0 | D        | Reached XP level 1. HP: 22/22 MP: 0/0
    37 | D        | Noticed a ynoxinul
    64 | D        | Slain by an ufetubus

Illustrated notes

Levels and vault maps discovered:
D:        pitsprint [storerooms_1, entrance_room_1, metal_vault_3, armoury_2,
          mini_pit_1, grid_room_1, main_hall_1, silver_pit, the_coven_3,
          the_vestibule_1, steel_vault_1, golden_pit, hallway_of_sentries,
          crystal_vault_4, iron_vault_3, final_vault]

Action                     || total
---------------------------++-------
  Melee: Unarmed           ||    18
 Armour: Animal skin       ||    18
  Dodge: Dodged            ||    48

Table legend: (Time is in decaauts)
 A = Elapsed time spent in this place.
 B = Non-inter-level travel time spent in this place.
 C = Inter-level travel time spent in this place.
 D = Time resting spent in this place.
 E = Time spent auto-exploring this place.
 F = Levels seen in this place.
 G = Mean time per level.
                   A        B        C        D        E       F      G
               +--------+--------+--------+--------+--------+-----+--------+
         Total |     63 |     63 |      0 |      0 |     12 |   1 |   63.0 |
       Dungeon |     63 |     63 |      0 |      0 |     12 |   1 |   63.0 |
               +--------+--------+--------+--------+--------+-----+--------+

Top non-repeatable levels by time:
       D: 63 daAuts
